Map: Magannatha LE

Players

ManlyManMeat

  • Race: Zerg Zerg
  • League: Diamond
  • Spawn Location: 11:00

blux - Winner!

  • Race: Zerg Zerg
  • League: Diamond
  • Spawn Location: 5:00

VOD

Have the link to the VOD?

Description

Time

  • Played on: July 3, 2025, 5:54 p.m.
  • Length: 5:53
Show
View Real Time Build Order
Export as new Build Order

ManlyManMeat Zerg 

Build Orders: Hatch First 

Get SALT Encoding   

  12  0:00  Drone  
  13  0:08  Drone  
  13  0:13  Extractor  
  13  0:16  Drone  
  15  0:22  Overlord  
  15  0:42  Drone  
  16  0:47  Hatchery  
  15  0:51  Drone  
  15  0:55  Drone  
  17  0:58  Drone  
  18  1:10  Extractor  
  17  1:14  Spawning Pool  
  16  1:19  Drone  
  16  1:21  Drone  
  18  1:26  Drone  
  19  1:36  Drone  
  20  2:01  Queen x2  
  20  2:02  Zergling x4  
  20  2:05  Overlord  
  26  2:12  Metabolic Boost  
  26  2:17  Drone  
  26  2:18  Drone  
  28  2:32  Drone  
  28  2:33  Drone x3  
  32  2:55  Zergling x4  
  32  2:56  Overlord  
  32  2:57  Baneling Nest, Overlord  
  33  3:16  Hatchery  
  32  3:21  Drone x2  
  32  3:22  Zergling x6  
  37  3:35  Zergling x12  
  41  3:50  Baneling  
  41  3:51  Zergling x6, Baneling x3  
  41  3:52  Overlord  
  43  4:01  Overlord x2  
  36  4:19  Zergling x12  
  40  4:28  Zergling x2  
  31  4:35  Zergling x12  
  34  4:40  Zergling x2  
  34  4:44  Baneling x2  
  27  4:53  Zergling x2  
  27  4:54  Zergling x2  
  26  5:08  Drone x4  
  29  5:14  Drone x2  
  30  5:34  Zergling x2  
  30  5:35  Zergling x12  
  37  5:40  Drone x2  
Show
View Real Time Build Order
Export as new Build Order

blux Zerg - Winner!

Build Orders: Hatch First 

Get SALT Encoding   

  12  0:03  Drone  
  13  0:12  Overlord  
  13  0:16  Drone  
  14  0:30  Drone x2  
  16  0:36  Drone  
  17  0:47  Drone  
  18  0:55  Hatchery  
  17  0:57  Drone  
  17  1:00  Extractor  
  17  1:07  Drone  
  18  1:18  Drone  
  18  1:19  Spawning Pool  
  18  1:29  Drone  
  19  1:40  Drone  
  20  1:54  Drone  
  21  2:07  Zergling x4, Queen x2  
  27  2:12  Metabolic Boost  
  27  2:16  Zergling x2  
  28  2:36  Overlord  
  28  2:37  Overlord  
  28  2:48  Baneling Nest  
  27  2:58  Zergling x2  
  27  2:59  Zergling x10  
  33  3:18  Zergling x10  
  38  3:26  Zergling x2  
  38  3:27  Zergling x2  
  40  3:37  Baneling x2  
  40  3:57  Zergling x2  
  40  3:58  Zergling x6  
  41  4:20  Zergling x8  
  41  4:21  Zergling x2  
  44  4:25  Zergling x2  
  42  4:32  Zergling x2  
  42  4:33  Zergling x2  
  43  4:42  Baneling  
  38  4:54  Zergling x10  
  37  5:10  Zergling x10  
  39  5:15  Baneling x2  
  39  5:16  Zergling x2, Baneling x2  
  39  5:22  Zergling x2  
  39  5:32  Zergling x4  
Tags
 
Add a new tag
Caveats
  • Supply blocks, unpowered buildings, or Contaminate may cause inaccurate times.
  • Supply counts are checked every 10 seconds.